A+ - U26
COCOA FLYERS @ HUDSON VALLEY RENEGADES
05/16/2053
 
TOP OF THE 1ST
Bradenton Marauders batting - Pitching for Salem Red Sox : RHP Anthony Elrod
Pitching: RHP Anthony Elrod
Batting: LHB Carlos Chavez 0-0: Ball
1-0: Ball
2-0: Foul Ball, location: 2F
2-1: Foul Ball, location: 2F
2-2: Ball
3-2: Foul Ball, location: 2F
3-2: Base on Balls
Batting: RHB Raimundo Navarrete 0-0: Ball
Carlos Chavez steals 2nd base
1-0: Ball
2-0: SINGLE (Groundball, 4, EV 103.8 MPH)
Carlos Chavez to third
Runner from 3rd tries for Home, SAFE, throw by CF to home
Batting: LHB Jase Constantino 0-0: DOUBLE (Flyball, 89D, EV 105.6 MPH)
Raimundo Navarrete to third
Batting: LHB Johnny Harrison 0-0: Called Strike
0-1: Swinging Strike
0-2: Ball
1-2: Ball
2-2: Ball
3-2: Base on Balls
Batting: RHB Owen Alkire 0-0: Swinging Strike
0-1: Foul Ball, location: 2F
0-2: Strikes out swinging
Batting: RHB Linden Copetillo 0-0: Called Strike
0-1: Swinging Strike
0-2: Ball
1-2: Strikes out looking
Batting: LHB B.J. Budney 0-0: Called Strike
0-1: Foul Ball, location: 2F
0-2: Strikes out swinging
Top of the 1st over - 1 run, 2 hits, 0 errors, 3 left on base; Bradenton 1 - Salem 0
BOTTOM OF THE 1ST
Salem Red Sox batting - Pitching for Bradenton Marauders : RHP Takeshi Kawata
Pitching: RHP Takeshi Kawata
Batting: LHB Sergio Cantu 0-0: Ball
1-0: Called Strike
1-1: Ball
2-1: Foul Ball, location: 2F
2-2: Ball
3-2: Fly out, F8 (Flyball, 8LM, EV 91.9 MPH)
Batting: LHB Bekkhan Gnezdilov 0-0: Ball
1-0: Called Strike
1-1: Ball
2-1: Ground out 4-3 (Groundball, 4M, EV 87.5 MPH)
Batting: LHB Dimas Fragoso 0-0: Foul Ball, location: 2F
0-1: Foul Ball, location: 2F
0-2: Ball
1-2: Fly out, F8 (Flyball, 8LM, EV 90.6 MPH)
Bottom of the 1st over - 0 runs, 0 hits, 0 errors, 0 left on base; Bradenton 1 - Salem 0
TOP OF THE 2ND
Bradenton Marauders batting - Pitching for Salem Red Sox : RHP Anthony Elrod
Batting: RHB Pascal Álvarez 0-0: Ball
1-0: Called Strike
1-1: Ball
2-1: Foul Ball, location: 2F
2-2: Strikes out swinging
Batting: RHB Steve English 0-0: Foul Ball, location: 2F
0-1: Ball
1-1: Ground out 6-3 (Groundball, 6S, EV 91.9 MPH)
Batting: LHB Carlos Chavez 0-0: Called Strike
0-1: Ball
1-1: Foul Ball, location: 2F
1-2: Foul Ball, location: 2F
1-2: Foul Ball, location: 2F
1-2: Foul Ball, location: 2F
1-2: Ball
2-2: SOLO HOME RUN (Flyball, 89XD, EV 105.0 MPH), Distance : 417 ft
Batting: RHB Raimundo Navarrete 0-0: Called Strike
0-1: Called Strike
0-2: Ball
1-2: Foul Ball, location: 2F
1-2: Ball
2-2: Strikes out looking
Top of the 2nd over - 1 run, 1 hit, 0 errors, 0 left on base; Bradenton 2 - Salem 0
BOTTOM OF THE 2ND
Salem Red Sox batting - Pitching for Bradenton Marauders : RHP Takeshi Kawata
Batting: LHB Chad Stoker 0-0: Ball
1-0: Fly out, F8 (Flyball, 8LXD, EV 79.4 MPH)
Batting: LHB Xavi Guardian 0-0: Ball
1-0: Ball
2-0: Called Strike
2-1: Swinging Strike
2-2: Strikes out swinging
Batting: RHB Don LaCroix 0-0: Fly out, F8 (Flyball, 8RM, EV 93.1 MPH)
Bottom of the 2nd over - 0 runs, 0 hits, 0 errors, 0 left on base; Bradenton 2 - Salem 0
TOP OF THE 3RD
Bradenton Marauders batting - Pitching for Salem Red Sox : RHP Anthony Elrod
Batting: LHB Jase Constantino 0-0: Called Strike
0-1: Ball
1-1: SINGLE (Flyball, 5D, EV 92.5 MPH)
Batting: LHB Johnny Harrison 0-0: Called Strike
0-1: Foul Ball, location: 2F
0-2: SINGLE (Groundball, 4MD, EV 106.9 MPH)
Jase Constantino to second
Batting: RHB Owen Alkire 0-0: Ball
1-0: Ball
2-0: Called Strike
2-1: Foul Ball, location: 2F
2-2: Strikes out looking
Batting: RHB Linden Copetillo 0-0: Ball
1-0: Called Strike
1-1: Called Strike
1-2: Fielders Choice at 3rd, U5 (Groundball, 5L, EV 85.6 MPH)
Johnny Harrison to second
Batting: LHB B.J. Budney 0-0: SINGLE (Groundball, 34D, EV 103.8 MPH)
Johnny Harrison to third
Linden Copetillo to second
Runner from 3rd tries for Home, SAFE, throw by RF to home
Batting: RHB Pascal Álvarez 0-0: Ball
1-0: Called Strike
1-1: SINGLE (Flyball, 56D, EV 88.1 MPH)
Linden Copetillo to third
B.J. Budney to second
Batting: RHB Steve English 0-0: Ball
1-0: Called Strike
1-1: Fly out, F9 (Flyball, 9, EV 93.1 MPH)
Top of the 3rd over - 1 run, 4 hits, 0 errors, 3 left on base; Bradenton 3 - Salem 0
BOTTOM OF THE 3RD
Salem Red Sox batting - Pitching for Bradenton Marauders : RHP Takeshi Kawata
Batting: SHB Joey Holland 0-0: SINGLE (Flyball, 8RS, EV 92.5 MPH)
Batting: RHB Clemente Moncata 0-0: Ball
1-0: Foul Ball, location: 2F
1-1: Swinging Strike
1-2: Ball
2-2: Strikes out swinging
Batting: RHB Vinnie Augustine 0-0: Ball
1-0: Ball
2-0: Called Strike
2-1: Fielders Choice at 2nd, 6-4 (Groundball, 6, EV 88.1 MPH)
Batting: LHB Sergio Cantu 0-0: Ball
1-0: Ball
2-0: Ball
3-0: Base on Balls
Vinnie Augustine to second
Batting: LHB Bekkhan Gnezdilov 0-0: Swinging Strike
0-1: Foul Ball, location: 2F
0-2: Fly out, F4 (Popup, 34, EV 65.0 MPH)
Bottom of the 3rd over - 0 runs, 1 hit, 0 errors, 2 left on base; Bradenton 3 - Salem 0
TOP OF THE 4TH
Bradenton Marauders batting - Pitching for Salem Red Sox : RHP Anthony Elrod
Batting: LHB Carlos Chavez 0-0: Called Strike
0-1: Ball
1-1: Ball
2-1: Ball
3-1: Called Strike
3-2: Foul Ball, location: 2F
3-2: Foul Ball, location: 2F
3-2: Base on Balls
Batting: RHB Raimundo Navarrete 0-0: Ball
1-0: Ball
2-0: Ball
3-0: Foul Ball, location: 2F
3-1: Called Strike
3-2: Base on Balls
Carlos Chavez to second
Batting: LHB Jase Constantino 0-0: Ball
1-0: Ball
2-0: Ball
3-0: Base on Balls
Carlos Chavez to third
Raimundo Navarrete to second
Batting: LHB Johnny Harrison 0-0: Foul Ball, location: 2F
0-1: Ball
1-1: Swinging Strike
1-2: Foul Ball, location: 2F
1-2: Fly out, F7 (Flyball, 7, EV 93.8 MPH)
Batting: RHB Owen Alkire 0-0: Swinging Strike
0-1: Called Strike
0-2: Ball
1-2: Strikes out swinging
Pitching: RHP Barack Beard
Batting: RHB Linden Copetillo 0-0: Ball
1-0: Called Strike
1-1: Ground out 6-3 (Groundball, 6S, EV 88.1 MPH)
Top of the 4th over - 0 runs, 0 hits, 0 errors, 3 left on base; Bradenton 3 - Salem 0
BOTTOM OF THE 4TH
Salem Red Sox batting - Pitching for Bradenton Marauders : RHP Takeshi Kawata
Batting: LHB Dimas Fragoso 0-0: Called Strike
0-1: Ball
1-1: Called Strike
1-2: Foul Ball, location: 2F
1-2: Ball
2-2: Strikes out swinging
Batting: LHB Chad Stoker 0-0: Called Strike
0-1: Ball
1-1: Ground out 6-3 (Groundball, 6, EV 93.8 MPH)
Batting: LHB Xavi Guardian 0-0: Called Strike
0-1: Ball
1-1: Ground out 4-3 (Groundball, 4, EV 88.8 MPH)
Bottom of the 4th over - 0 runs, 0 hits, 0 errors, 0 left on base; Bradenton 3 - Salem 0
TOP OF THE 5TH
Bradenton Marauders batting - Pitching for Salem Red Sox : RHP Barack Beard
Batting: LHB B.J. Budney 0-0: Ball
1-0: Called Strike
1-1: Foul Ball, location: 2F
1-2: Foul Ball, location: 2F
1-2: Foul Ball, location: 2F
1-2: Fly out, F7 (Flyball, 78M, EV 81.2 MPH)
Batting: RHB Pascal Álvarez 0-0: Fly out, F9 (Line Drive, 89M, EV 91.9 MPH)
Batting: RHB Steve English 0-0: Foul Ball, location: 2F
0-1: Ball
1-1: Called Strike
1-2: Strikes out swinging
Top of the 5th over - 0 runs, 0 hits, 0 errors, 0 left on base; Bradenton 3 - Salem 0
BOTTOM OF THE 5TH
Salem Red Sox batting - Pitching for Bradenton Marauders : RHP Takeshi Kawata
Batting: RHB Don LaCroix 0-0: Ball
1-0: Ball
2-0: Called Strike
2-1: Ball
3-1: SINGLE (Groundball, 34D, EV 98.8 MPH)
Batting: SHB Joey Holland 0-0: Swinging Strike
0-1: Foul Ball, location: 2F
0-2: Ball
1-2: Fly out, F6 (Popup, 6MS, EV 80.6 MPH)
Batting: RHB Clemente Moncata 0-0: Ball
1-0: Fly out, F4 (Popup, 34S, EV 83.8 MPH)
Batting: RHB Vinnie Augustine 0-0: Ball
1-0: Ball
2-0: Ball
3-0: Base on Balls
Don LaCroix to second
Batting: LHB Sergio Cantu 0-0: Ball
1-0: Ball
2-0: Called Strike
2-1: Foul Ball, location: 2F
2-2: Ball
3-2: Foul Ball, location: 2F
3-2: Strikes out looking
Bottom of the 5th over - 0 runs, 1 hit, 0 errors, 2 left on base; Bradenton 3 - Salem 0
TOP OF THE 6TH
Bradenton Marauders batting - Pitching for Salem Red Sox : RHP Barack Beard
Batting: LHB Carlos Chavez 0-0: Ball
1-0: SINGLE (Line Drive, 78S, EV 103.8 MPH)
Batting: RHB Raimundo Navarrete 0-0: Bunted foul
0-1: Sac Bunt to 2R - play at first, batter OUT! 2-3
Carlos Chavez to second
Batting: LHB Jase Constantino 0-0: Foul Ball, location: 2F
0-1: Ball
1-1: Ball
2-1: SINGLE (Flyball, 78S, EV 98.1 MPH)
Carlos Chavez to third
Batting: LHB Johnny Harrison 0-0: Ball
1-0: Ball
2-0: Fly out, F7 (Flyball, 7D, EV 101.2 MPH)
Runner from 3rd tags up, SCORES, throw by LF
Batting: RHB Owen Alkire 0-0: Ball
1-0: Ball
Wild Pitch!
Jase Constantino to second
2-0: Called Strike
2-1: SINGLE (Line Drive, 78M, EV 105.0 MPH)
Jase Constantino to third
Batting: RHB Linden Copetillo 0-0: Foul Ball, location: 2F
0-1: Called Strike
0-2: Ground out U3 (Groundball, 3S, EV 85.6 MPH)
Top of the 6th over - 1 run, 3 hits, 0 errors, 2 left on base; Bradenton 4 - Salem 0
BOTTOM OF THE 6TH
Salem Red Sox batting - Pitching for Bradenton Marauders : RHP Takeshi Kawata
Batting: LHB Bekkhan Gnezdilov 0-0: Ball
1-0: Ball
2-0: Swinging Strike
2-1: Foul Ball, location: 2F
2-2: Strikes out swinging
Batting: LHB Dimas Fragoso 0-0: Fly out, F7 (Flyball, 78M, EV 91.2 MPH)
Batting: LHB Chad Stoker 0-0: Ground out 4-3 (Groundball, 4M, EV 80.6 MPH)
Bottom of the 6th over - 0 runs, 0 hits, 0 errors, 0 left on base; Bradenton 4 - Salem 0
TOP OF THE 7TH
Bradenton Marauders batting - Pitching for Salem Red Sox : RHP Barack Beard
Batting: LHB B.J. Budney 0-0: Ground out 6-3 (Groundball, 6, EV 105.6 MPH)
Batting: RHB Pascal Álvarez 0-0: Foul Ball, location: 2F
0-1: Foul Ball, location: 2F
0-2: Ball
1-2: Ball
2-2: Foul Ball, location: 2F
2-2: Ball
3-2: Base on Balls
Pitching: RHP V.J. Frasier
Batting: RHB Steve English 0-0: Called Strike
0-1: Fly out, F9 (Line Drive, 89D, EV 98.1 MPH)
Batting: LHB Carlos Chavez 0-0: Ball
1-0: Ball
2-0: Called Strike
2-1: Ball
3-1: Base on Balls
Pascal Álvarez to second
Batting: RHB Raimundo Navarrete 0-0: Ball
1-0: Fly out, F8 (Flyball, 89M, EV 87.5 MPH)
Top of the 7th over - 0 runs, 0 hits, 0 errors, 2 left on base; Bradenton 4 - Salem 0
BOTTOM OF THE 7TH
Salem Red Sox batting - Pitching for Bradenton Marauders : RHP Takeshi Kawata
Batting: LHB Xavi Guardian 0-0: Called Strike
0-1: Foul Ball, location: 2F
0-2: Strikes out swinging
Batting: RHB Don LaCroix 0-0: Swinging Strike
0-1: Swinging Strike
0-2: Ball
1-2: Ball
2-2: Ball
3-2: Strikes out swinging
Batting: SHB Joey Holland 0-0: Called Strike
0-1: Ball
1-1: Ball
2-1: Ball
3-1: Ground out 4-3 (Groundball, 34, EV 100.6 MPH)
Bottom of the 7th over - 0 runs, 0 hits, 0 errors, 0 left on base; Bradenton 4 - Salem 0
TOP OF THE 8TH
Bradenton Marauders batting - Pitching for Salem Red Sox : RHP V.J. Frasier
Batting: LHB Jase Constantino 0-0: Foul Ball, location: 2F
0-1: Ball
1-1: Ground out 4-3 (Groundball, 34, EV 86.2 MPH)
Batting: LHB Johnny Harrison 0-0: Ball
1-0: Ball
2-0: Ball
3-0: Called Strike
3-1: Base on Balls
Batting: RHB Owen Alkire 0-0: Foul Ball, location: 2F
0-1: Foul Ball, location: 2F
0-2: Ball
1-2: Strikes out swinging
Batting: RHB Linden Copetillo 0-0: Called Strike
0-1: Ball
1-1: Fielders Choice at 2nd, 5-4 (Groundball, 56, EV 101.9 MPH)
Top of the 8th over - 0 runs, 0 hits, 0 errors, 1 left on base; Bradenton 4 - Salem 0
BOTTOM OF THE 8TH
Salem Red Sox batting - Pitching for Bradenton Marauders : RHP Takeshi Kawata
Batting: RHB Clemente Moncata 0-0: Ball
1-0: Swinging Strike
1-1: Called Strike
1-2: Strikes out swinging
Pinch Hitting: RHB Dave Venable 0-0: Ground out 6-3 (Groundball, 6, EV 90.6 MPH)
Batting: LHB Sergio Cantu 0-0: Called Strike
0-1: Ground out 6-3 (Groundball, 6M, EV 107.5 MPH)
Bottom of the 8th over - 0 runs, 0 hits, 0 errors, 0 left on base; Bradenton 4 - Salem 0
TOP OF THE 9TH
Bradenton Marauders batting - Pitching for Salem Red Sox : RHP V.J. Frasier
Now at 3B: Dave Venable
Batting: LHB B.J. Budney 0-0: Ball
1-0: Ground out 6-3 (Groundball, 6MS, EV 90.6 MPH)
Batting: RHB Pascal Álvarez 0-0: Ball
1-0: Ball
2-0: Called Strike
2-1: Foul Ball, location: 2F
2-2: Ball
3-2: Strikes out swinging
Pitching: RHP Joseph Roberts
Batting: RHB Steve English 0-0: Ball
1-0: Ground out 5-3 (Groundball, 56S, EV 62.5 MPH)
Top of the 9th over - 0 runs, 0 hits, 0 errors, 0 left on base; Bradenton 4 - Salem 0
BOTTOM OF THE 9TH
Salem Red Sox batting - Pitching for Bradenton Marauders : RHP Takeshi Kawata
Batting: LHB Bekkhan Gnezdilov 0-0: Foul Ball, location: 2F
0-1: Foul Ball, location: 2F
0-2: Ground out 6-3 (Groundball, 6, EV 76.9 MPH)
Batting: LHB Dimas Fragoso 0-0: Foul Ball, location: 2F
0-1: Foul Ball, location: 2F
0-2: Ball
1-2: Strikes out swinging
Batting: LHB Chad Stoker 0-0: Ball
1-0: Ball
2-0: Foul Ball, location: 2F
2-1: Foul Ball, location: 2F
2-2: SINGLE (Groundball, 4D, EV 96.2 MPH)
Pitching: LHP Chase Blain
Batting: LHB Xavi Guardian 0-0: Ball
1-0: SINGLE (Groundball, 6MD, EV 103.8 MPH)
Chad Stoker to second
Batting: RHB Don LaCroix 0-0: Called Strike
0-1: Ball
1-1: Ball
2-1: SINGLE (Groundball, 6MD, EV 101.9 MPH)
Chad Stoker to third
Xavi Guardian to second
Batting: SHB Joey Holland 0-0: Swinging Strike
0-1: Ball
1-1: Fly out, F8 (Flyball, 78D, EV 77.5 MPH)
Bottom of the 9th over - 0 runs, 3 hits, 0 errors, 3 left on base; Bradenton 4 - Salem 0
Saturday, May 25th , 2024 - OOTP Baseball 25.4 Build 64